 Dungeon Crawl Stone Soup version 0.31.0-12-g77e489cdc1 (webtiles) character file.

Game seed: 11899735039930470669

23 spaghetti the Trooper (level 2, 35/35 HPs)
             Began as an Oni Chaos Knight on Mar 5, 2024.
             Was a Plaything of Xom.
             Quit the game on level 1 of the Dungeon.
             The game lasted 00:00:31 (728 turns).

spaghetti the Trooper (Oni Chaos Knight)             Turns: 728, Time: 00:00:32

Health: 35/35      AC:  5    Str: 15    XL:     2   Next: 95%
Magic:  2/2        EV:  9    Int: 13    God:    Xom [..*...]
Gold:   71         SH:  0    Dex:  8    Spells: 1/1 levels left

rFire   . . .        a - +0 spear (chaos)
rCold   . . .        (no shield)
rNeg    . . .        b - +2 robe
rPois   .            (helmet restricted)
rElec   .            (no cloak)
rCorr   .            (gloves unavailable)
SInv    .            (boots unavailable)
Will    .....        (no amulet)
Stlth   +            (no ring)
HPRegen 0.25/turn    (no ring)
MPRegen 0.08/turn

%: no passive effects
@: no status effects
A: large, unfitting armour, horns 1, tough skin 1, double potion healing,
drunken brawling
a: Renounce Religion


You were on level 1 of the Dungeon.
You worshipped Xom.
You were a toy of Xom.
You visited 1 branch of the dungeon, and saw 1 of its levels.

You collected 71 gold pieces.

Inventory:

Hand Weapons
 a - a +0 spear of chaos (weapon)
Missiles
 d - a throwing net (quivered)
Armour
 b - a +2 robe (worn)
Scrolls
 c - a scroll of butterflies
 e - a scroll of fear {unknown}
 h - a scroll of torment {unknown}
Potions
 f - a potion of haste {unknown}
 g - a potion of cancellation {unknown}
 i - a potion of enlightenment {unknown}
 j - a potion of curing {unknown}


   Skills:
 + Level 5.4 Fighting
 - Level 3.0 Polearms
 - Level 2.1 Dodging


You had one spell level left.
You didn't know any spells.
Your spell library was empty.

Dungeon Overview and Level Annotations

Branches:
Dungeon (1/15)

Altars:


Innate Abilities, Weirdness & Mutations

You are too large for most types of armour.
You have a pair of small horns on your head.
You have tough skin. (AC +1)
You gain doubled healing and magic from potions.
Whenever you drink a healing potion, you attack all around you.


Message History

A bat comes into view.
Found a ring mail.
A bat is nearby!
You reach to attack!
You hit the bat. You drain the bat.
You kill the bat!
No target in view!
No target in view!
No target in view!
No target in view!
No target in view!
No target in view!
No target in view!
No target in view!
No target in view!
No target in view!
No target in view!
No target in view!
No target in view!
No target in view!
A giant cockroach comes into view.
Xom grants you insight.
You detect nothing.
A giant cockroach is nearby!
A giant cockroach is nearby!
A giant cockroach is nearby!
You hit the giant cockroach. You freeze the giant cockroach.
The giant cockroach is severely wounded.
The giant cockroach bites you but does no damage.
You hit the giant cockroach. You burn the giant cockroach.
You kill the giant cockroach!
No target in view!
No target in view!
No target in view!
No target in view!
No target in view!
No target in view!
No target in view!
No target in view!
Search for what [? for help]? venom Are you sure you want to abandon this character and quit the game? (Confirm with "yes".)

#.#.# #.#..#.# #.#.#
#.#..#.# #.#.#
#.#..#.# ## #[#.#
#.#..#.# #. #.#.#
#.#..#.# #.
#.#.########.#..#.#
#.
#.#..........#..#.#
#.
#.############..#.#
#.
#.#....†@.......#.#
#.
#.#.##########.##.#
#. #########.#
....[........######.
..........#
########............
#########.#
#..#########. ###
#### ##


There were no monsters in sight!

Vanquished Creatures
  A dart slug (D:1)
  4 ball pythons (D:1)
  3 bats (D:1)
  2 endoplasms (D:1)
  A giant cockroach (D:1)
  A goblin (D:1)
  A hobgoblin (D:1)
  A kobold (D:1)
  4 frilled lizards (D:1)
  A rat (D:1)
19 creatures vanquished.

Notes
Turn   | Place    | Note
-------+----------+-------------------------------------------
     0 | D:1      | spaghetti the Oni Chaos Knight began the quest for the Orb.
     0 | D:1      | Reached XP level 1. HP: 24/24 MP: 1/1
   108 | D:1      | Reached XP level 2. HP: 33/33 MP: 2/2
   208 | D:1      | XOM: silly message
   279 | D:1      | XOM: divination: magic mapping
   284 | D:1      | Reached skill level 5 in Fighting
   487 | D:1      | XOM is BORED!
   487 | D:1      | XOM: silly message
   546 | D:1      | XOM: divination: detect creatures
   649 | D:1      | XOM: silly message
   723 | D:1      | XOM: divination: detect creatures
   728 | D:1      | Quit the game

Illustrated notes

Levels and vault maps discovered:
D:1:      dpeg_arrival_solitude, layout_basic, minmay_octomino_j4

Skill      XL: |  1  2 |
---------------+-------+-----
Fighting       | 5 |  5.4
Polearms       | |  3.0
Dodging        | |  2.1

Action                     || total
---------------------------++-------
  Melee: Spear             ||    44
         Headbutt          ||     2
         Punch             ||     1
   Stab: Sleeping          ||     1
 Armour: Robe              ||    12
  Dodge: Dodged            ||     5
